NWL
KENNEWICK BEAR CUBS @ LEWISTON BRONCS
07/28/1982
 
TOP OF THE 1ST
Kennewick Bear Cubs batting - Pitching for Lewiston Broncs : LHP Chris Joslin
Pitching: LHP Chris Joslin
Batting: RHB Matthew Sferrazza 0-0: Called Strike
0-1: Ball
1-1: Swinging Strike
1-2: Ball
2-2: Strikes out looking
Batting: SHB Eriberto Them 0-0: Ball
1-0: Ball
2-0: Foul Ball, location: 2F
2-1: Swinging Strike
2-2: Strikes out swinging
Batting: RHB Jonathan Black 0-0: Called Strike
0-1: Ball
1-1: Ball
2-1: Foul Ball, location: 2F
2-2: DOUBLE (Line Drive, 78XD, EV 102.5 MPH)
Batting: LHB Jose Birriel 0-0: Ball
1-0: Ball
2-0: Called Strike
2-1: SINGLE (Groundball, 6D, EV 98.8 MPH)
Jonathan Black to third
Runner from 3rd tries for Home, SAFE, throw by CF to home
Batting: RHB Ruben Machado 0-0: Swinging Strike
0-1: Foul Ball, location: 2F
0-2: Ball
1-2: Foul Ball, location: 2F
1-2: Fly out, F8 (Line Drive, 8LD, EV 108.1 MPH)
Top of the 1st over - 1 run, 2 hits, 0 errors, 1 left on base; Kennewick 1 - Lewiston 0
BOTTOM OF THE 1ST
Lewiston Broncs batting - Pitching for Kennewick Bear Cubs : LHP Faustino Fortinho
Pitching: LHP Faustino Fortinho
Batting: LHB Wayne Kirby 0-0: Ball
1-0: Swinging Strike
1-1: Foul Ball, location: 2F
1-2: SINGLE (Line Drive, 9S, EV 94.4 MPH)
Batting: LHB Alex Hernandez 0-0: Swinging Strike
0-1: SINGLE (Line Drive, 7S, EV 91.9 MPH)
Wayne Kirby to second
Batting: RHB Jeff Kunkel 0-0: Foul Ball, location: 2F
0-1: Ball
1-1: Foul Ball, location: 2F
1-2: SINGLE (Line Drive, 7S, EV 100.0 MPH)
Wayne Kirby to third
Alex Hernandez to second
Batting: RHB Bruce Castoria 0-0: Ball
1-0: Called Strike
1-1: Ball
2-1: Swinging Strike
2-2: Fly out, F9 (Flyball, 9D, EV 96.9 MPH)
Runner from 3rd tags up, SCORES, no throw by RF
Batting: RHB Sal D'Alessandro 0-0: Called Strike
0-1: Ball
1-1: Ball
2-1: Swinging Strike
2-2: Ball
3-2: Strikes out looking
Batting: LHB Nestor Moreno 0-0: Ground out 4-3 (Groundball, 4, EV 107.5 MPH)
Bottom of the 1st over - 1 run, 3 hits, 0 errors, 2 left on base; Kennewick 1 - Lewiston 1
TOP OF THE 2ND
Kennewick Bear Cubs batting - Pitching for Lewiston Broncs : LHP Chris Joslin
Batting: LHB Steven Morris 0-0: Foul Ball, location: 2F
0-1: Ball
1-1: Ball
2-1: Ball
3-1: Swinging Strike
3-2: Strikes out looking
Batting: RHB Roger Jensen 0-0: Ball
1-0: Ball
2-0: Ball
3-0: Called Strike
3-1: Base on Balls
Batting: LHB Wally Yo 0-0: Foul Ball, location: 2F
0-1: Ball
1-1: Swinging Strike
1-2: Ball
2-2: Foul Ball, location: 2F
2-2: Strikes out swinging
Batting: RHB Gary Tremblay 0-0: Ball
1-0: Ball
2-0: Ball
3-0: Base on Balls
Roger Jensen to second
Batting: RHB Matthew Sferrazza 0-0: Ball
1-0: Called Strike
1-1: Swinging Strike
1-2: SINGLE (Groundball, 23, EV 71.3 MPH) (infield hit)
Roger Jensen to third
Gary Tremblay to second
Batting: SHB Eriberto Them 0-0: Called Strike
0-1: Ball
1-1: Swinging Strike
1-2: Strikes out swinging
Top of the 2nd over - 0 runs, 1 hit, 0 errors, 3 left on base; Kennewick 1 - Lewiston 1
BOTTOM OF THE 2ND
Lewiston Broncs batting - Pitching for Kennewick Bear Cubs : LHP Faustino Fortinho
Batting: RHB Julio Marin 0-0: Ball
1-0: Ball
2-0: Called Strike
2-1: Swinging Strike
2-2: Ground out 5-3 (Groundball, 5L, EV 82.5 MPH)
Batting: RHB Steven Spalt 0-0: Swinging Strike
0-1: SINGLE (Line Drive, 6M, EV 99.4 MPH)
Batting: RHB Jay Roberts 0-0: Ball
1-0: Foul Ball, location: 2F
1-1: Called Strike
1-2: Ball
Wild Pitch!
Steven Spalt to second
2-2: Foul Ball, location: 2F
2-2: Ball
3-2: Foul Ball, location: 2F
3-2: Fly out, F7 (Flyball, 7S, EV 83.1 MPH)
Batting: LHB Wayne Kirby 0-0: Fly out, F6 (Popup, 6MD, EV 65.0 MPH)
Bottom of the 2nd over - 0 runs, 1 hit, 0 errors, 1 left on base; Kennewick 1 - Lewiston 1
TOP OF THE 3RD
Kennewick Bear Cubs batting - Pitching for Lewiston Broncs : LHP Chris Joslin
Batting: RHB Jonathan Black 0-0: Foul Ball, location: 2F
0-1: Ball
1-1: Ground out 6-3 (Groundball, 6, EV 88.8 MPH)
Batting: LHB Jose Birriel 0-0: Foul Ball, location: 2F
0-1: Reached on error, E4 (Groundball, 4, EV 88.8 MPH)
Batting: RHB Ruben Machado 0-0: Called Strike
0-1: Called Strike
0-2: Strikes out swinging
Batting: LHB Steven Morris 0-0: Foul Ball, location: 2F
0-1: Ball
1-1: Ball
2-1: Ball
3-1: Base on Balls
Batting: RHB Roger Jensen 0-0: Ground out 5-3 (Groundball, 56, EV 107.5 MPH)
Top of the 3rd over - 0 runs, 0 hits, 1 error, 2 left on base; Kennewick 1 - Lewiston 1
BOTTOM OF THE 3RD
Lewiston Broncs batting - Pitching for Kennewick Bear Cubs : LHP Faustino Fortinho
Batting: LHB Alex Hernandez 0-0: Called Strike
0-1: Ball
1-1: Fly out, F8 (Flyball, 78D, EV 108.8 MPH)
Batting: RHB Jeff Kunkel 0-0: Foul Ball, location: 2F
0-1: Ball
1-1: Fly out, F7 (Flyball, 7LS, EV 78.1 MPH)
Batting: RHB Bruce Castoria 0-0: Ball
1-0: Fly out, F3 (Popup, 23F, EV 75.0 MPH)
Bottom of the 3rd over - 0 runs, 0 hits, 0 errors, 0 left on base; Kennewick 1 - Lewiston 1
TOP OF THE 4TH
Kennewick Bear Cubs batting - Pitching for Lewiston Broncs : LHP Chris Joslin
Batting: LHB Wally Yo 0-0: Ball
1-0: Fly out, F9 (Flyball, 89M, EV 88.1 MPH)
Batting: RHB Gary Tremblay 0-0: Called Strike
0-1: Ball
1-1: Ball
2-1: Ball
3-1: Ground out 5-3 (Groundball, 5, EV 78.1 MPH)
Batting: RHB Matthew Sferrazza 0-0: Foul Ball, location: 2F
0-1: Ball
1-1: Called Strike
1-2: Strikes out swinging
Top of the 4th over - 0 runs, 0 hits, 0 errors, 0 left on base; Kennewick 1 - Lewiston 1
BOTTOM OF THE 4TH
Lewiston Broncs batting - Pitching for Kennewick Bear Cubs : LHP Faustino Fortinho
Batting: RHB Sal D'Alessandro 0-0: Ball
1-0: Ball
2-0: Ball
3-0: Base on Balls
Batting: LHB Nestor Moreno 0-0: Ball
1-0: Ball
2-0: Reached on error, E6 (Groundball, 6, EV 88.8 MPH)
Sal D'Alessandro to second
Batting: RHB Julio Marin 0-0: Ball
1-0: Ball
2-0: Foul Ball, location: 2F
2-1: Called Strike
2-2: Ball
3-2: Base on Balls
Sal D'Alessandro to third
Nestor Moreno to second
Batting: RHB Steven Spalt 0-0: Ball
1-0: Called Strike
1-1: Ball
2-1: Foul Ball, location: 2F
2-2: Grounds into double play, 5-4-3 (Groundball, 56, EV 101.3 MPH)
Sal D'Alessandro scores
Nestor Moreno to third
Batting: RHB Jay Roberts 0-0: Fly out, F8 (Line Drive, 8LM, EV 96.3 MPH)
Bottom of the 4th over - 1 run, 0 hits, 1 error, 1 left on base; Kennewick 1 - Lewiston 2
TOP OF THE 5TH
Kennewick Bear Cubs batting - Pitching for Lewiston Broncs : LHP Chris Joslin
Batting: SHB Eriberto Them 0-0: Called Strike
0-1: Ball
1-1: Called Strike
1-2: Ball
2-2: Ball
3-2: Fly out, F1 (Line Drive, P, EV 71.9 MPH)
Batting: RHB Jonathan Black 0-0: Ball
1-0: Ground out U3 (Groundball, 34, EV 82.5 MPH)
Batting: LHB Jose Birriel 0-0: Foul Ball, location: 2F
0-1: Called Strike
0-2: Strikes out swinging
Top of the 5th over - 0 runs, 0 hits, 0 errors, 0 left on base; Kennewick 1 - Lewiston 2
BOTTOM OF THE 5TH
Lewiston Broncs batting - Pitching for Kennewick Bear Cubs : LHP Faustino Fortinho
Batting: LHB Wayne Kirby 0-0: Called Strike
0-1: Ball
1-1: Ball
2-1: Called Strike
2-2: Foul Ball, location: 2F
2-2: DOUBLE (Line Drive, 78M, EV 98.1 MPH)
Batting: LHB Alex Hernandez 0-0: Called Strike
0-1: Called Strike
0-2: Foul Ball, location: 2F
0-2: Ball
1-2: Ball
2-2: Ball
3-2: SINGLE (Line Drive, 9LS, EV 96.3 MPH)
Wayne Kirby to third
Runner from 3rd tries for Home, SAFE, throw by RF to home
Batting: RHB Jeff Kunkel 0-0: Ball
1-0: Ball
2-0: Ball
3-0: Base on Balls
Alex Hernandez to second
Batting: RHB Bruce Castoria 0-0: Ball
1-0: Swinging Strike
1-1: Swinging Strike
1-2: Ball
2-2: Ball
3-2: Base on Balls
Alex Hernandez to third
Jeff Kunkel to second
Batting: RHB Sal D'Alessandro 0-0: Ball
1-0: Ball
2-0: Ball
3-0: Called Strike
3-1: Base on Balls
Alex Hernandez scores
Jeff Kunkel to third
Bruce Castoria to second
Batting: LHB Nestor Moreno 0-0: Ball
1-0: Foul Ball, location: 2F
1-1: Called Strike
1-2: Strikes out swinging
Batting: RHB Julio Marin 0-0: Ball
1-0: Ball
2-0: Foul Ball, location: 2F
2-1: Grounds into double play, 5-4-3 (Groundball, 56, EV 89.4 MPH)
Bottom of the 5th over - 2 runs, 2 hits, 0 errors, 2 left on base; Kennewick 1 - Lewiston 4
TOP OF THE 6TH
Kennewick Bear Cubs batting - Pitching for Lewiston Broncs : LHP Chris Joslin
Batting: RHB Ruben Machado 0-0: Ball
1-0: Called Strike
1-1: Swinging Strike
1-2: Ball
2-2: Ball
3-2: Foul Ball, location: 2F
3-2: Foul Ball, location: 2F
3-2: Base on Balls
Batting: LHB Steven Morris 0-0: Foul Ball, location: 2F
0-1: Ball
1-1: Called Strike
1-2: Ball
2-2: SINGLE (Line Drive, 4MD, EV 97.5 MPH)
Ruben Machado to second
Runner from 2nd tries for 3rd, SAFE, throw by CF made to third
Batting: RHB Roger Jensen 0-0: Ball
1-0: Called Strike
1-1: Ball
2-1: Called Strike
2-2: Ball
3-2: Strikes out looking
Batting: LHB Wally Yo 0-0: Ball
1-0: Called Strike
1-1: Ball
2-1: Reached via error on a dropped throw from SS, E4 (Groundball, 6, EV 81.9 MPH)
Ruben Machado scores
Steven Morris to second
Batting: RHB Gary Tremblay 0-0: Ball
1-0: Ball
2-0: Ball
3-0: Base on Balls
Steven Morris to third
Wally Yo to second
Batting: RHB Matthew Sferrazza 0-0: Ball
1-0: Called Strike
1-1: Fly out, F9 (Line Drive, 9, EV 91.9 MPH)
Runner from 3rd tags up, OUT at HOME! 9-2
Top of the 6th over - 1 run, 1 hit, 1 error, 2 left on base; Kennewick 2 - Lewiston 4
BOTTOM OF THE 6TH
Lewiston Broncs batting - Pitching for Kennewick Bear Cubs : LHP Faustino Fortinho
Pitching: RHP Bryan Funk
Batting: RHB Steven Spalt 0-0: Ball
1-0: Ball
2-0: Fly out, F9 (Flyball, 9LM, EV 76.9 MPH)
Batting: RHB Jay Roberts 0-0: Ball
1-0: Called Strike
1-1: Ball
2-1: Ground out 6-3 (Groundball, 6, EV 78.8 MPH)
Batting: LHB Wayne Kirby 0-0: Ball
1-0: Fly out, F8 (Flyball, 8LM, EV 75.0 MPH)
Bottom of the 6th over - 0 runs, 0 hits, 0 errors, 0 left on base; Kennewick 2 - Lewiston 4
TOP OF THE 7TH
Kennewick Bear Cubs batting - Pitching for Lewiston Broncs : LHP Chris Joslin
Batting: SHB Eriberto Them 0-0: Fly out, F2 (Popup, 3SF, EV 90.0 MPH)
Batting: RHB Jonathan Black 0-0: Called Strike
0-1: SINGLE (Groundball, 56D, EV 100.0 MPH)
Batting: LHB Jose Birriel 0-0: Grounds into double play, 4-6-3 (Groundball, 34, EV 85.6 MPH)
Top of the 7th over - 0 runs, 1 hit, 0 errors, 0 left on base; Kennewick 2 - Lewiston 4
BOTTOM OF THE 7TH
Lewiston Broncs batting - Pitching for Kennewick Bear Cubs : RHP Bryan Funk
Batting: LHB Alex Hernandez 0-0: Swinging Strike
0-1: Foul Ball, location: 2F
0-2: Ball
1-2: Strikes out looking
Batting: RHB Jeff Kunkel 0-0: Ball
1-0: Ball
2-0: Called Strike
2-1: Called Strike
2-2: Fly out, F8 (Flyball, 89S, EV 76.3 MPH)
Batting: RHB Bruce Castoria 0-0: SINGLE (Line Drive, 6, EV 96.9 MPH)
Batting: RHB Sal D'Alessandro 0-0: Called Strike
0-1: Foul Ball, location: 2F
0-2: Ball
1-2: Strikes out swinging
Bottom of the 7th over - 0 runs, 1 hit, 0 errors, 1 left on base; Kennewick 2 - Lewiston 4
TOP OF THE 8TH
Kennewick Bear Cubs batting - Pitching for Lewiston Broncs : LHP Chris Joslin
Batting: RHB Ruben Machado 0-0: Fly out, F9 (Line Drive, 9, EV 91.3 MPH)
Batting: LHB Steven Morris 0-0: Ball
1-0: Foul Ball, location: 2F
1-1: Ball
2-1: DOUBLE (Flyball, 78D, EV 92.5 MPH)
Batting: RHB Roger Jensen 0-0: Ball
1-0: Called Strike
1-1: Ball
2-1: Swinging Strike
2-2: Foul Ball, location: 2F
2-2: Foul Ball, location: 2F
2-2: Ball
3-2: Base on Balls
Pinch Hitting: RHB Kenneth Whitfield 0-0: Swinging Strike
0-1: Ball
1-1: Ball
2-1: Ball
3-1: Base on Balls
Steven Morris to third
Roger Jensen to second
Batting: RHB Gary Tremblay 0-0: Foul Ball, location: 2F
0-1: SINGLE (Flyball, 34D, EV 87.5 MPH)
Steven Morris scores
Roger Jensen to third
Kenneth Whitfield to second
Runner from 3rd tries for Home, SAFE, throw by RF to home
Batting: RHB Matthew Sferrazza 0-0: Ball
1-0: Foul Ball, location: 2F
1-1: Fly out, F6 (Flyball, 56D, EV 90.0 MPH)
Batting: SHB Eriberto Them 0-0: Ball
1-0: Fly out, F9 (Flyball, 9LD, EV 81.3 MPH)
Top of the 8th over - 2 runs, 2 hits, 0 errors, 2 left on base; Kennewick 4 - Lewiston 4
BOTTOM OF THE 8TH
Lewiston Broncs batting - Pitching for Kennewick Bear Cubs : RHP Bryan Funk
Now in CF: Kenneth Whitfield
Batting: LHB Nestor Moreno 0-0: Ball
1-0: Ground out U3 (Groundball, 3, EV 89.4 MPH)
Batting: RHB Julio Marin 0-0: Ground out 5-3 (Groundball, 5, EV 84.4 MPH)
Batting: RHB Steven Spalt 0-0: Called Strike
0-1: Ball
1-1: Ball
2-1: Foul Ball, location: 2F
2-2: Ball
3-2: Base on Balls
Pitching: RHP Glenn Simmons
Batting: RHB Jay Roberts 0-0: Ball
Steven Spalt is caught stealing 2nd base 2-4
Bottom of the 8th over - 0 runs, 0 hits, 0 errors, 0 left on base; Kennewick 4 - Lewiston 4
TOP OF THE 9TH
Kennewick Bear Cubs batting - Pitching for Lewiston Broncs : LHP Chris Joslin
Pitching: LHP Brian Householder
Batting: RHB Jonathan Black 0-0: Foul Ball, location: 2F
0-1: Swinging Strike
0-2: DOUBLE (Line Drive, 89XD, EV 106.9 MPH)
Batting: LHB Jose Birriel 0-0: Swinging Strike
0-1: Ball
1-1: Fly out, F3 (Popup, 3SF, EV 78.1 MPH)
Batting: RHB Ruben Machado 0-0: Intentional Walk
Batting: LHB Steven Morris 0-0: Called Strike
0-1: Foul Ball, location: 2F
0-2: Ball
1-2: Fly out, F9 (Flyball, 9S, EV 91.9 MPH)
Batting: RHB Roger Jensen 0-0: Swinging Strike
0-1: Ground out 1-3 (Groundball, 23, EV 78.1 MPH)
Top of the 9th over - 0 runs, 1 hit, 0 errors, 2 left on base; Kennewick 4 - Lewiston 4
BOTTOM OF THE 9TH
Lewiston Broncs batting - Pitching for Kennewick Bear Cubs : RHP Glenn Simmons
Pinch Hitting: RHB Tony Cordova 0-0: Called Strike
0-1: Swinging Strike
0-2: Ball
1-2: Ball
2-2: Ball
3-2: Fly out, F8 (Flyball, 8RD, EV 96.9 MPH)
Batting: LHB Wayne Kirby 0-0: Ball
1-0: Fly out, F8 (Flyball, 8LM, EV 83.8 MPH)
Batting: LHB Alex Hernandez 0-0: Called Strike
0-1: Fly out, F8 (Flyball, 78D, EV 90.6 MPH)
Bottom of the 9th over - 0 runs, 0 hits, 0 errors, 0 left on base; Kennewick 4 - Lewiston 4
TOP OF THE 10TH
Kennewick Bear Cubs batting - Pitching for Lewiston Broncs : LHP Brian Householder
Now in RF: Tony Cordova
Batting: RHB Kenneth Whitfield 0-0: Fly out, F9 (Line Drive, 9D, EV 89.4 MPH)
Batting: RHB Gary Tremblay 0-0: Ball
1-0: Ball
2-0: Ball
3-0: Foul Ball, location: 2F
3-1: Fly out, F8 (Flyball, 8LD, EV 98.8 MPH)
Batting: RHB Matthew Sferrazza 0-0: Ball
1-0: Foul Ball, location: 2F
1-1: SINGLE (Groundball, 56D, EV 100.0 MPH)
Batting: SHB Eriberto Them 0-0: Ball
1-0: Ball
2-0: Foul Ball, location: 2F
2-1: Swinging Strike
2-2: Ball
3-2: Strikes out swinging
Top of the 10th over - 0 runs, 1 hit, 0 errors, 1 left on base; Kennewick 4 - Lewiston 4
BOTTOM OF THE 10TH
Lewiston Broncs batting - Pitching for Kennewick Bear Cubs : RHP Glenn Simmons
Pitching: LHP Dan Yokubaitis
Batting: RHB Jeff Kunkel 0-0: Called Strike
0-1: Swinging Strike
0-2: Strikes out swinging
Batting: RHB Bruce Castoria 0-0: Swinging Strike
0-1: Swinging Strike
0-2: Strikes out swinging
Batting: RHB Sal D'Alessandro 0-0: Called Strike
0-1: Ball
1-1: SINGLE (Groundball, 34D, EV 94.4 MPH)
Batting: LHB Nestor Moreno 0-0: Fly out, F7 (Flyball, 78S, EV 92.5 MPH)
Bottom of the 10th over - 0 runs, 1 hit, 0 errors, 1 left on base; Kennewick 4 - Lewiston 4
TOP OF THE 11TH
Kennewick Bear Cubs batting - Pitching for Lewiston Broncs : LHP Brian Householder
Batting: RHB Jonathan Black 0-0: Fly out, F8 (Flyball, 8RM, EV 87.5 MPH)
Batting: LHB Jose Birriel 0-0: Ball
1-0: Called Strike
1-1: Ball
2-1: Fly out, F7 (Flyball, 7S, EV 88.1 MPH)
Batting: RHB Ruben Machado 0-0: Ground out 4-3 (Groundball, 4, EV 82.5 MPH)
Top of the 11th over - 0 runs, 0 hits, 0 errors, 0 left on base; Kennewick 4 - Lewiston 4
BOTTOM OF THE 11TH
Lewiston Broncs batting - Pitching for Kennewick Bear Cubs : LHP Dan Yokubaitis
Batting: RHB Julio Marin 0-0: Ball
1-0: Ball
2-0: Foul Ball, location: 2F
2-1: SINGLE (Line Drive, 7LM, EV 91.9 MPH)
Batting: RHB Steven Spalt 0-0: Sac Bunt to 13 - play at second, runner OUT! 1-6
Batting: RHB Tony Cordova 0-0: Foul Ball, location: 2F
0-1: Foul Ball, location: 2F
0-2: SINGLE (Line Drive, 8RS, EV 105.6 MPH)
Steven Spalt to second
Batting: LHB Wayne Kirby 0-0: Foul Ball, location: 2F
0-1: Ball
1-1: Swinging Strike
1-2: Ball
2-2: Strikes out looking
Batting: LHB Alex Hernandez 0-0: Called Strike
0-1: Called Strike
0-2: Ball
1-2: SINGLE (Flyball, 5D, EV 85.0 MPH)
Steven Spalt to third
Tony Cordova to second
Runner from 3rd tries for Home, SAFE, throw by LF to home
Bottom of the 11th over - 1 run, 3 hits, 0 errors, 0 left on base; Kennewick 4 - Lewiston 5
Wednesday, August 19th, 2020 - OOTP Baseball 21.5 Build 76